 Dungeon Crawl Stone Soup version 0.22.1-2-g9c5b331 (webtiles) character file.

9009 Fang the Cleaver (level 11, -3/69 HPs)
             Began as a Gargoyle Berserker on Dec 7, 2018.
             Was a High Priest of Trog.
             Slain by a freezing wraith (4 damage)
             ... led by a death knight
             ... on level 10 of the Dungeon.
             The game lasted 00:13:40 (10181 turns).

Fang the Cleaver (Gargoyle Berserker)              Turns: 10181, Time: 00:13:40

Health: -3/69      AC: 23    Str: 22    XL:     11   Next: 39%
Magic:  11/11      EV:  8    Int:  9    God:    Trog [*****.]
Gold:   630        SH:  0    Dex:  9    Spells: 10/10 levels left

rFire    + + +     SeeInvis +   B - +5 war axe (freeze)
rCold    + . .     Gourm    .   (no shield)
rNeg     + . .     Faith    .   u - +1 plate armour
rPois    ∞         Spirit   .   (no helmet)
rElec    +         Reflect  .   i - scarf {rC+ rF+}
rCorr    .         Harm     .   (no gloves)
MR       .....                  (no boots)
Stlth    ..........             (no amulet)
HPRegen  0.21/turn              j - ring of Vato {rF++ Str-3 Int+2}
MPRegen  0.12/turn              y - ring of see invisible

@: vulnerable, berserk cooldown, slowed, very slow
A: negative energy resistance 1, electricity resistance, unbreathing,
petrification resistance, rot immunity, AC +8
a: Berserk, Trog's Hand, Brothers in Arms, Renounce Religion


You were on level 10 of the Dungeon.
You worshipped Trog.
Trog was extremely pleased with you.
You were very hungry.

You visited 3 branches of the dungeon, and saw 12 of its levels.
You also visited: Ossuary.

You collected 630 gold pieces.

Inventory:

Hand Weapons
 e - a +2 hand axe of holy wrath
 z - a +3 war axe
 B - a +5 war axe of freezing (weapon)
Armour
 i - a scarf of resistance (worn)
 u - a +1 plate armour (worn)
Jewellery
 j - the ring of Vato (left hand) {rF++ Str-3 Int+2}
   (You found it on level 5 of the Dungeon)

   [ring of intelligence]

   It affects your strength (-3).
   It affects your intelligence (+2).
   It greatly protects you from fire.
 y - a ring of see invisible (right hand)
 C - a cursed -6 ring of evasion {unknown}
Wands
 o - a wand of digging (16)
 p - a wand of disintegration (11)
 r - a wand of clouds (5)
 x - a wand of flame (21)
Scrolls
 f - 5 scrolls of fog
 k - 4 scrolls of remove curse
 l - 8 scrolls of teleportation
 t - 2 scrolls of fear
 v - a scroll of blinking
 w - 2 scrolls of identify
Potions
 a - 2 potions of cancellation {unknown}
 b - 2 potions of heal wounds
 d - 3 potions of ambrosia
 g - a potion of agility
 h - 2 potions of lignification
 m - 7 potions of flight
 n - 2 potions of magic
 q - a potion of invisibility
 s - 3 potions of curing
 A - a potion of resistance {unknown}
Comestibles
 c - 13 rations


   Skills:
 + Level 8.9 Fighting
 + Level 11.9 Axes
 + Level 9.7 Armour
 + Level 2.7 Dodging
 + Level 1.8 Stealth


You had 10 spell levels left.
You didn't know any spells.
Your spell library was empty.

Dungeon Overview and Level Annotations

Branches:
Dungeon (10/15)            Temple (1/1) D:6             Orc (1/2) D:9
   Lair: D:8-11

Altars:
Ashenzari
Cheibriados
Elyvilon
Okawaru
Qazlal
Trog
Yredelemnul

Shops:
D:6 (

Annotations:
D:8 Prince Ribbit


Innate Abilities, Weirdness & Mutations

You are resistant to torment.
Your stone body is resilient. (AC +8)
You are immune to poison.
You resist negative energy. (rN+)
You are resistant to electric shocks. (rElec)
You can survive without breathing.
You are immune to petrification.
You are immune to rotting.


Message History

The death knight reflects your damage back at you!
* * * LOW HITPOINT WARNING * * *
The death knight hits you with a broad axe of flaming!
* * * LOW HITPOINT WARNING * * *
Unknown command.
You barely miss the death knight.
The death knight is almost dead.
You slice the death knight!! You freeze the death knight.
You kill the death knight!
Trog accepts your kill.
Your damage is reflected back at you!
* * * LOW HITPOINT WARNING * * *
You are no longer berserk.
You are exhausted.
You feel yourself slow down. The freezing wraith closely misses you.
The freezing wraith barely misses you. The freezing wraith hits you.
* * * LOW HITPOINT WARNING * * *
The freezing wraith freezes you. You resist.
You die...

#.# #.. #.#
#.. #.# #..
#.# #.# .!#
#.# #. #.
########.#.##
#.>.)@WW....)
#.######.#.#.
#.# #..#
#.###..#
#......#
######<# ###


You could see 2 freezing wraiths.

Vanquished Creatures
  A death knight (D:10)
  A skeletal warrior (D:10)
  A phantasmal warrior (D:10)
  A troll (D:9)
  A hornet (D:10)
  Grinder (D:3)
  2 slime creatures (D:9)
  3 yaks (D:9)
  A wraith (Ossuary)
  3 steam dragons (D:8)
  Edmund (D:5)
  A water moccasin (D:9)
  A black bear (D:7)
  3 ice beasts
  3 orc warriors
  2 sky beasts
  A necrophage (D:5)
  6 ogres
  6 centaurs
  2 crocodiles
  6 bullfrogs
  A gnoll sergeant (D:9)
  2 scorpions
  5 killer bees (D:8)
  3 howler monkeys
  5 wights (D:9)
  A centaur skeleton (D:6)
  7 hounds
  2 jellies
  A bullfrog skeleton (D:9)
  6 orc priests
  3 orc wizards
  An iguana (D:10)
  5 worker ants
  A hound skeleton (D:5)
  3 hound zombies
  A mummy (Ossuary)
  9 adders
  9 gnolls
  2 shadow imps (D:5)
  2 oozes
  An adder skeleton (D:4)
  2 worms
  5 dart slugs
  5 leopard geckos
  28 orcs
  A ball python (D:2)
  3 giant cockroaches
  4 goblins
  10 hobgoblins
  5 jackals
  8 kobolds
  5 bats
  5 frilled lizards
  7 gnoll skeletons (Ossuary)
  7 kobold skeletons (Ossuary)
  A leopard gecko skeleton (D:5)
  2 leopard gecko zombies
  11 orc skeletons (Ossuary)
  A quokka skeleton (D:4)
  4 rats
  A fungus (D:8)
232 creatures vanquished.

Vanquished Creatures (collateral kills)
  An orc warlord (D:9)
1 creature vanquished.

Vanquished Creatures (others)
  A fungus (D:8)
1 creature vanquished.

Grand Total: 234 creatures vanquished

Notes
Turn   | Place    | Note
-------+----------+-------------------------------------------
     0 | D:1      | Fang the Gargoyle Berserker began the quest for the Orb.
     0 | D:1      | Reached XP level 1. HP: 14/14 MP: 1/1
   275 | D:1      | Reached XP level 2. HP: 19/19 MP: 2/2
   374 | D:1      | Reached skill level 3 in Axes
   650 | D:1      | Reached XP level 3. HP: 24/24 MP: 3/3
   885 | D:2      | Reached ** piety under Trog
  1212 | D:2      | Found a bloodstained altar of Trog.
  1404 | D:2      | Reached XP level 4. HP: 29/29 MP: 4/4
  1575 | D:2      | Found a stormy altar of Qazlal.
  1714 | D:3      | Found a shattered altar of Ashenzari.
  1984 | D:3      | Noticed Grinder
  1987 | D:3      | Paralysed by Grinder for 3 turns
  1997 | D:3      | Killed Grinder
  1997 | D:3      | Reached skill level 5 in Axes
  1997 | D:3      | Reached XP level 5. HP: 34/34 MP: 5/5
  1997 | D:3      | Reached XP level 6. HP: 39/39 MP: 6/6
  2542 | D:4      | Found an iron altar of Okawaru.
  2858 | D:4      | Found a white marble altar of Elyvilon.
  2901 | D:4      | Reached XP level 7. HP: 23/44 MP: 7/7
  3164 | D:5      | Entered Level 5 of the Dungeon
  3204 | D:5      | Found a snail-covered altar of Cheibriados.
  3282 | D:5      | Reached skill level 6 in Axes
  3557 | D:5      | Reached skill level 5 in Fighting
  3654 | D:5      | Reached *** piety under Trog
  3668 | D:5      | Got a glittering brass ring
  3681 | D:5      | Identified the ring of Vato {rF++ Str-3 Int+2} (You found
                  | it on level 5 of the Dungeon)
  3698 | D:5      | Noticed Edmund
  3709 | D:5      | Killed Edmund
  3709 | D:5      | Reached XP level 8. HP: 49/49 MP: 8/8
  3887 | D:5      | Reached skill level 7 in Axes
  4109 | D:5      | Reached skill level 5 in Armour
  4592 | D:6      | Found a basalt altar of Yredelemnul.
  4697 | D:6      | Found a sand-covered staircase.
  4754 | D:6      | Found a staircase to the Ecumenical Temple.
  4793 | Ossuary  | Entered an ossuary
  4793 | Ossuary  | Noticed a wraith
  4793 | Ossuary  | Noticed a wraith
  4793 | Ossuary  | Noticed a wraith
  4915 | Ossuary  | Noticed a wraith
  4940 | Ossuary  | Killed a wraith
  5191 | Ossuary  | Reached **** piety under Trog
  5262 | D:6      | Found Sixar's Weapon Shop.
  5393 | D:6      | Reached skill level 8 in Axes
  5394 | D:6      | Reached XP level 9. HP: 55/55 MP: 9/9
  5603 | Temple   | Entered the Ecumenical Temple
  6528 | D:7      | Reached skill level 9 in Axes
  7609 | D:8      | Reached XP level 10. HP: 49/63 MP: 10/10
  7789 | D:8      | Noticed Prince Ribbit
  8030 | D:8      | Reached skill level 10 in Axes
  8241 | D:8      | Reached skill level 1 in Stealth
  8502 | D:9      | You fall through a shaft!
  8502 | D:10     | Entered Level 10 of the Dungeon
  8542 | D:10     | Reached ***** piety under Trog
  8722 | D:10     | Noticed a seven-headed hydra
  9082 | D:9      | Found a staircase to the Orcish Mines.
  9454 | D:9      | Reached skill level 11 in Axes
  9847 | Orc:1    | Entered Level 1 of the Orcish Mines
  9847 | Orc:1    | Noticed an orc warlord
  9873 | D:9      | Killed an orc warlord
  9873 | D:9      | Reached XP level 11. HP: 19/69 MP: 11/11
 10155 | D:10     | Noticed a skeletal warrior
 10155 | D:10     | Noticed a phantasmal warrior
 10159 | D:10     | Noticed a death knight
 10162 | D:10     | Killed a phantasmal warrior
 10167 | D:10     | Killed a skeletal warrior
 10180 | D:10     | Killed a death knight
 10180 | D:10     | HP: 3/103 [mirror damage (4)]
 10181 | D:10     | HP: 1/69 [freezing wraith[a death knight] (2)]
 10181 | D:10     | Slain by a freezing wraith

Skill      XL: |  1  2  3  4  5  6  7  8  9 10 |
---------------+-------------------------------+-----
Axes           | 3 5 6 8 9 11 | 11.9
Fighting       | 4 5 6 7 8 |  8.9
Armour         | 3 4 6 7 9 |  9.7
Dodging        | 2 |  2.7
Stealth        | 1 |  1.8

Action                   |  1- 3 |  4- 6 |  7- 9 | 10-12 || total
-------------------------+-------+-------+-------+-------++-------
Melee: Hand axe          |   123 |    82 |   273 |   271 ||   749
       War axe           |       |    48 |   158 |    59 ||   265
Invok: Berserk           |       |     2 |     9 |     5 ||    16
       Brothers in Arms  |       |       |       |     1 ||     1
  Use: Scroll            |       |       |    20 |       ||    20
       Potion            |       |       |     1 |       ||     1
  Eat: Chunk             |     1 |     7 |    18 |     9 ||    35
       Ration            |       |       |     2 |     1 ||     3
Armor: Chain mail        |    99 |    76 |   108 |       ||   283
       Plate armour      |       |       |   171 |   206 ||   377
Dodge: Dodged            |    60 |    52 |   162 |    98 ||   372
